Map: Ruines de Seras

Players

Plutonun - Winner!

  • Race: Protoss Protoss

emre

  • Race: Zerg Zerg
  • League: Silver

VOD

Have the link to the VOD?

Description

Time

  • Played on: Nov. 11, 2015, 10:03 a.m.
  • Length: 21:24
Show
View Real Time Build Order
Export as new Build Order

Plutonun Protoss - Winner!

Build Orders:  

Get SALT Encoding   

  12  0:01  Probe (Chrono Boost)  
  13  0:11  Probe (Chrono Boost)  
  14  0:18  Pylon  
  14  0:23  Probe (Chrono Boost)  
  15  0:36  Probe (Chrono Boost)  
  15  0:40  Gateway  
  16  0:47  Probe (Chrono Boost)  
  17  0:54  Assimilator  
  17  0:58  Probe (Chrono Boost), Assimilator  
  18  1:09  Probe (Chrono Boost)  
  19  1:19  Probe (Chrono Boost)  
  20  1:28  Cybernetics Core  
  20  1:30  Probe (Chrono Boost)  
  21  1:40  Probe (Chrono Boost)  
  22  1:51  Probe (Chrono Boost), Pylon  
  23  2:02  Gateway  
  22  2:10  Mothership Core (Chrono Boost)  
  22  2:12  Warp Gate (Chrono Boost)  
  22  2:14  Adept  
  26  2:25  Pylon  
  26  2:28  Probe (Chrono Boost)  
  27  2:41  Probe (Chrono Boost), Robotics Facility  
  28  2:45  Adept  
  30  2:52  Adept  
  32  3:00  Probe (Chrono Boost)  
  33  3:13  Sentry  
  35  3:24  Sentry  
  37  3:36  Pylon  
  34  4:00  Warp Prism  
  36  4:21  Nexus  
  36  4:23  Stalker  
  38  4:24  Pylon  
  38  4:25  Zealot  
  38  4:26  Pylon  
  30  4:46  Zealot x2  
  33  5:03  Gateway  
  33  5:08  Sentry x2, Gateway  
  33  5:11  Gateway  
  37  5:16  Pylon  
  37  5:20  Probe  
  38  5:31  Probe  
  38  5:32  Probe  
  40  5:42  Forge  
  40  5:44  Probe  
  41  5:50  Sentry x2  
  41  5:53  Probe  
  41  5:56  Probe, Observer  
  48  6:03  Probe  
  48  6:08  Probe  
  50  6:14  Probe, Zealot  
  50  6:24  Probe  
  50  6:25  Probe  
  51  6:28  Protoss Ground Weapons Level 1 (Chrono Boost)  
  51  6:31  Photon Cannon  
  52  6:34  Photon Cannon  
  52  6:35  Probe  
  52  6:36  Assimilator  
  52  6:37  Probe  
  54  6:41  Assimilator  
  54  6:43  Pylon  
  54  6:45  Sentry x2  
  58  6:59  Probe  
  58  7:00  Robotics Bay  
  59  7:05  Twilight Council  
  59  7:08  Probe  
  59  7:11  Probe  
  61  7:19  Probe, Photon Cannon  
  62  7:23  Probe  
  62  7:25  Sentry x2  
  62  7:29  Probe  
  67  7:35  Probe  
  69  7:40  Probe  
  70  7:46  Templar Archives  
  70  7:47  Probe  
  70  7:49  Pylon  
  71  7:59  Probe  
  71  8:04  Blink  
  72  8:10  Zealot x4  
  72  8:11  Zealot  
  82  8:21  Photon Cannon  
  82  8:22  Protoss Ground Armor Level 1 (Chrono Boost)  
  82  8:23  Gateway  
  82  8:37  Pylon  
  82  8:38  High Templar  
  82  8:39  High Templar x2  
  88  8:56  Stalker x2  
  91  9:02  Archon  
  91  9:14  Gateway  
  89  9:22  High Templar  
  89  9:23  High Templar  
  83  9:24  Zealot x2  
  87  9:31  High Templar  
  87  9:33  Archon  
  87  9:36  Archon  
  89  9:38  Stalker  
  91  9:46  Pylon  
  84  9:52  Psionic Storm  
  91  10:00  Gateway  
  91  10:02  Gateway  
  91  10:03  Stalker  
  91  10:04  Gateway  
  91  10:07  Gateway  
  91  10:08  Stalker x2  
  91  10:09  Zealot x3  
  91  10:13  Pylon  
  101  10:17  Pylon  
  101  10:22  Pylon  
  87  10:48  Zealot  
  87  10:49  Zealot x6  
  101  10:55  Disruptor (Chrono Boost)  
  92  11:14  Stalker  
  92  11:15  Stalker  
  92  11:16  High Templar x2  
  92  11:17  High Templar  
  100  11:24  Stalker  
  100  11:25  Stalker x2  
  106  11:26  Zealot x2  
  110  11:38  Protoss Ground Weapons Level 2 (Chrono Boost)  
  110  11:52  Pylon  
  110  11:57  Pylon  
  110  12:00  Photon Cannon  
  78  12:20  Nexus  
  78  12:23  Zealot, Pylon  
  78  12:24  Zealot x2  
  78  12:25  Pylon, High Templar x3  
  90  12:31  High Templar  
  90  12:33  Archon  
  90  12:35  Archon  
  92  12:45  Assimilator  
  92  12:47  Assimilator  
  92  12:51  Photon Cannon  
  92  12:58  Dark Shrine  
  92  13:05  High Templar  
  94  13:07  Zealot x3  
  94  13:08  Zealot  
  102  13:17  Charge (Chrono Boost)  
  102  13:27  Gateway  
  102  13:49  Observer  
  103  14:00  Nexus  
  103  14:06  Pylon  
  103  14:09  Pylon  
  103  14:11  Zealot x2  
  103  14:13  Zealot, Assimilator  
  109  14:17  Assimilator  
  109  14:18  Zealot  
  111  14:25  Dark Templar  
  111  14:28  Dark Templar  
  111  14:31  Dark Templar  
  103  15:02  Dark Templar x2  
  103  15:03  Dark Templar x2  
  111  15:23  High Templar x2  
  109  15:48  Stalker x2  
  109  15:49  Stalker  
  115  15:50  Stalker x3  
  115  15:52  Stalker  
  123  16:01  Pylon  
  123  16:02  Probe  
  116  16:06  Pylon  
  116  16:08  Pylon  
  116  16:09  Photon Cannon  
  116  16:12  Photon Cannon  
  116  16:13  Probe  
  116  16:16  Photon Cannon  
  117  16:19  Photon Cannon  
  117  16:21  Probe  
  117  16:22  Probe x2  
  117  16:24  Probe, Pylon  
  120  16:31  Probe, High Templar x2  
  125  16:34  Probe  
  125  16:35  Probe  
  125  16:36  Probe  
  129  16:42  Probe  
  129  16:47  Probe x3  
  117  17:00  Zealot x4  
  125  17:01  Stalker  
  125  17:02  Pylon  
  105  17:27  Stalker x2  
  105  17:28  Stalker x3, Zealot  
  105  17:29  Zealot, High Templar  
  121  17:30  High Templar x3  
  121  17:34  Warp Prism  
  127  17:42  Probe  
  130  17:50  Probe  
  130  17:52  Probe  
  132  18:01  Zealot x3  
  138  18:08  Observer  
  138  18:12  Nexus  
  139  18:17  Probe  
  140  18:26  Gateway  
  140  18:27  Gateway, High Templar x3  
  140  18:28  Probe, High Templar x2, Gateway  
  140  18:29  High Templar  
  140  18:30  Archon  
  153  18:34  Pylon, Archon x2  
  153  18:35  Archon  
  153  18:48  Immortal  
  153  18:49  Zealot x4  
  153  18:50  Zealot  
  167  19:02  Pylon  
  167  19:03  Pylon  
  167  19:06  Probe x2, Pylon  
  167  19:07  Pylon  
  167  19:08  Probe x2  
  143  19:51  Probe  
  139  19:59  Probe  
  140  20:00  Probe  
  140  20:01  Probe x2, Assimilator  
  140  20:02  Probe  
  140  20:06  Photon Cannon  
  145  20:09  Probe  
  145  20:10  Stalker, Dark Shrine  
  145  20:11  Stalker x3  
  145  20:12  Probe  
  149  20:40  Photon Cannon x2  
  149  20:44  Photon Cannon  
  149  20:45  Photon Cannon  
  149  20:47  Pylon, High Templar  
  149  20:48  High Templar x3  
  149  20:49  High Templar x4  
  165  20:51  Pylon, High Templar  
  165  20:54  Archon  
  165  20:55  Archon x3  
  167  21:06  Zealot x2  
Show
View Real Time Build Order
Export as new Build Order

emre Zerg 

Build Orders: Pool First 

Get SALT Encoding   

  12  0:02  Drone  
  13  0:14  Overlord  
  13  0:23  Drone  
  14  0:33  Drone x2  
  16  0:36  Drone  
  17  0:46  Spawning Pool  
  17  0:49  Extractor  
  15  0:53  Drone  
  16  1:01  Drone  
  17  1:11  Drone  
  18  1:25  Drone  
  19  1:35  Zergling x2  
  20  1:40  Queen  
  22  1:53  Hatchery  
  21  1:56  Metabolic Boost  
  21  2:04  Drone  
  22  2:14  Spore Crawler  
  21  2:17  Drone  
  21  2:19  Spine Crawler  
  21  2:21  Overlord  
  21  2:23  Zergling x2  
  22  2:34  Overlord  
  22  2:40  Zergling x2  
  23  2:54  Drone x3  
  26  2:59  Zergling x2  
  26  3:04  Queen  
  29  3:06  Zergling x2  
  29  3:12  Zergling x2  
  31  3:17  Zergling x2  
  32  3:30  Zergling x2  
  32  3:31  Zergling x8  
  35  3:42  Drone x2  
  37  3:53  Zergling x4  
  39  3:58  Spine Crawler  
  39  3:59  Spore Crawler, Drone x2  
  39  4:09  Zergling x2  
  38  4:10  Zergling x2  
  35  4:32  Zergling x2  
  35  4:33  Zergling x12  
  37  4:44  Zergling x2  
  37  4:45  Zergling x2  
  38  4:50  Drone  
  39  4:54  Queen  
  39  4:56  Hatchery, Zergling x2  
  39  5:08  Zergling x4  
  41  5:15  Drone  
  41  5:18  Zergling x2  
  43  5:26  Overlord x2  
  43  5:30  Lair  
  43  5:38  Overlord  
  43  5:39  Overlord  
  43  5:48  Zergling x2  
  43  5:49  Zergling x6  
  47  5:53  Drone x2  
  43  6:17  Zergling x12  
  42  7:08  Drone x12  
  47  7:11  Roach Warren  
  47  7:15  Drone x6  
  59  7:23  Hydralisk Den  
  58  7:30  Extractor  
  58  7:31  Extractor  
  56  7:49  Overseer  
  56  7:53  Hydralisk  
  56  7:54  Hydralisk x10  
  78  8:03  Evolution Chamber  
  78  8:04  Hydralisk  
  78  8:05  Hydralisk  
  79  8:06  Evolution Chamber  
  79  8:10  Overlord  
  80  8:16  Muscular Augments  
  80  8:26  Extractor  
  79  8:36  Hydralisk x2  
  79  8:37  Hydralisk x3  
  89  8:52  Overlord x4  
  80  9:22  Hydralisk x6  
  80  9:23  Hydralisk x2  
  85  9:30  Hydralisk  
  83  9:34  Hydralisk  
  85  9:52  Hydralisk x2  
  89  10:04  Hatchery  
  88  10:07  Hydralisk  
  88  10:08  Hydralisk x3  
  76  10:46  Hydralisk x5, Roach  
  76  10:47  Roach x3  
  76  10:48  Roach  
  90  10:55  Hydralisk  
  90  10:56  Roach  
  94  11:04  Drone  
  94  11:05  Drone x3  
  94  11:10  Hydralisk  
  94  11:15  Zerg Missile Weapons Level 1  
  94  11:26  Hydralisk, Roach  
  98  11:33  Hydralisk  
  98  11:34  Roach  
  98  11:36  Roach  
  104  11:40  Drone x2  
  90  12:05  Hydralisk  
  90  12:06  Roach  
  74  12:12  Hydralisk x2  
  74  12:13  Hydralisk x2, Roach x3  
  74  12:14  Roach x2  
  84  12:20  Queen  
  86  12:23  Roach  
  86  12:29  Hydralisk  
  92  12:30  Roach x2  
  92  12:36  Zerg Ground Armor Level 1  
  94  12:38  Roach  
  96  12:47  Spire  
  95  12:53  Spore Crawler  
  95  12:56  Drone x4  
  98  13:13  Drone x9  
  98  13:16  Extractor  
  98  13:18  Extractor  
  105  13:23  Zerg Missile Weapons Level 2  
  105  14:04  Mutalisk x7  
  105  14:05  Hatchery  
  118  14:11  Mutalisk  
  118  14:13  Zergling x2  
  118  14:14  Zergling x14  
  128  14:22  Overlord  
  128  14:23  Overlord x3  
  128  14:40  Queen  
  124  14:59  Hydralisk x6, Roach  
  134  15:00  Roach x5  
  110  16:05  Hydralisk x2  
  110  16:06  Hydralisk x4, Roach x3  
  110  16:07  Roach x4  
  136  16:18  Zerg Ground Armor Level 2  
  134  16:35  Hydralisk x3  
  134  16:36  Roach x4  
  126  16:55  Pneumatized Carapace  
  106  17:14  Hydralisk x5  
  106  17:15  Hydralisk x2, Roach x6  
  90  17:18  Roach  
  82  17:48  Hatchery  
  81  17:54  Hydralisk  
  83  18:00  Overseer  
  83  18:01  Overseer  
  83  18:10  Hatchery  
  82  18:28  Drone x10  
  92  18:37  Hydralisk  
  92  18:38  Roach  
  96  18:54  Hydralisk  
  96  18:55  Hydralisk, Roach  
  102  19:07  Drone x3  
  103  19:26  Hydralisk x2  
  103  19:27  Roach x3  
  103  19:28  Roach  
  105  19:40  Hydralisk x2  
  105  19:41  Roach  
  105  19:45  Hydralisk  
  93  19:46  Roach  
  93  19:47  Roach  
  87  20:00  Drone x3  
  87  20:01  Drone x5  
  93  20:12  Hydralisk  
  93  20:13  Hydralisk, Roach  
  93  20:20  Hydralisk  
  93  20:21  Roach x2  
  87  20:30  Hydralisk  
  87  20:31  Roach x2  
  87  20:33  Roach  
  95  20:48  Drone x10  
  105  20:53  Hydralisk  
  105  20:54  Roach  
  105  20:55  Roach  
Tags
 
League
Silver
Matchup
PvZ
Opening
Pool First
Replay Pack
1st pack
Add a new tag
Caveats
  • Supply blocks, unpowered buildings, or Contaminate may cause inaccurate times.
  • Supply counts are checked every 10 seconds.